[Event "2nd Bieszczady Chess-ch A 2022"]
[Site "Bystre"]
[Date "2022.07.20"]
[Round "4.5"]
[White "Babiarz, Arkadiusz"]
[Black "Sygulski, Piotr"]
[Result "1-0"]
[ECO "B12"]
[WhiteElo "2027"]
[BlackElo "2013"]
[Annotator "TA"]
[PlyCount "49"]
[EventDate "2022.07.17"]
[EventCountry "POL"]
[SourceTitle "playchess.com"]
[Source "ChessBase"]
[SourceQuality "1"]
[TimeControl "5400+30"]

1. e4 c6 2. d4 d5 3. e5 c5 4. dxc5 e6 5. a3 Nd7 6. Nf3 {[%emt 0:01:58] B12: Caro-Kann: Advance Variation.} Qc7 {[%emt 0:06:59] [#]} (6... Bxc5 $14 7. c4 Qc7) 7. b4 $1 $16 Nxe5 8. Bb2 (8. Bf4 $16 Nd3+ 9. Bxd3 Qxf4 10. Bb5+ Kd8 11. g3) 8... Nd7 ({Black should try} 8... Nxf3+ $14 9. Qxf3 Bd7) 9. Bb5 {[%emt 0:06:58] c4 is the strong threat. White is more active.} Ne7 (9... a6 $16) 10. O-O {[%emt 0:04:20] [#]} a6 $146 {[%emt 0:06:33] [#]} ({Predecessor:} 10... b6 11. Be5 Qb7 12. Nc3 Nc6 13. Re1 bxc5 14. Nxd5 Ndxe5 15. Nxe5 Bd7 16. Qf3 Rc8 17. Nxf7 {1-0 (28) Vasova,M (2047)-Radeva,V (1949) Plovdiv 2015}) 11. Ba4 (11. Be5 $6 Qd8 $16) 11... Nc6 12. Qd3 (12. c4 $18 dxc4 13. Nbd2) 12... b6 (12... b5 $16 {keeps fighting.}) 13. Re1 $18 Bb7 (13... bxc5 $142 14. Qxd5 Bb7) 14. Nc3 {[%emt 0:06:54] Strongly threatening Nxd5.} Be7 $2 {[%emt 0:06:35] [#]} (14... O-O-O {is more resistant.}) 15. Nxd5 $1 exd5 16. Bxc6 Bxc6 17. Bxg7 Rg8 18. Qxh7 O-O-O 19. Rxe7 Qf4 20. Ne5 $2 (20. Nd4 $18 {and the rest is easy.} Qg4 21. Rxf7 (21. Nxc6 Rxg7 22. Qxg7 Qxg7 $15)) 20... Qg5 $2 {[%emt 0:05:45] A mistake that costs the game.} (20... Nxe5 $16 {might work better.} 21. Bxe5 Rxg2+ 22. Kxg2 (22. Kh1 Rxh2+ 23. Qxh2 d4+ 24. Kg1 Rg8+ 25. Kf1 Bb5+ 26. Ke1 Qe4+ 27. Kd2 Qe2+ 28. Kc1 Qe1+ 29. Kb2 Qc3+ 30. Kb1 Qe1+ 31. Kb2 Qc3+ 32. Kb1 Qe1+ 33. Kb2 $11) 22... Qg5+ 23. Bg3 Qxe7 24. Qf5+ (24. cxb6 d4+ 25. Kg1 Re8 $16) (24. b5 axb5 25. cxb6 d4+ 26. Kg1 Kb7 $14) 24... Qe6 25. Qxe6+ fxe6 26. cxb6 Kb7) 21. Nxc6 Rxg7 22. Qh3 Qf6 $2 (22... Kc7 23. b5 (23. Nxd8 Qxe7 24. Nb7 Rg8 $18) 23... axb5) 23. Na7+ {[%emt 0:00:42] White is clearly winning.} Kc7 24. Rae1 {[%emt 0:00:17] And now c6 would win.} bxc5 25. bxc5 {[%emt 0:00:14] Weighted Error Value: White=0.36/Black=0.81} 1-0

[Event "2nd Bieszczady Chess-ch A 2022"]
[Site "Bystre"]
[Date "2022.07.20"]
[Round "4.6"]
[White "Bugajski, Robert"]
[Black "Palacki, Rafal"]
[Result "1/2-1/2"]
[ECO "A06"]
[WhiteElo "2075"]
[BlackElo "1832"]
[Annotator "TA"]
[PlyCount "103"]
[EventDate "2022.07.17"]
[EventCountry "POL"]
[SourceTitle "playchess.com"]
[Source "ChessBase"]
[SourceQuality "1"]
[TimeControl "5400+30"]

1. Nf3 d5 2. g3 Nf6 3. Bg2 Nc6 4. d4 Bf5 5. O-O e6 6. c4 Be7 7. cxd5 exd5 8. Nc3 Ne4 9. Qb3 {[%emt 0:09:07] D02: 1 d4 d5 2 Nf3 sidelines, including 2...Nf6 3 g3 and 2...Nf6 3 Bf4.} Nxc3 10. bxc3 Na5 11. Qa4+ c6 12. Ba3 {[%emt 0:02:48] [#]} Nc4 $146 ({Predecessor:} 12... Bxa3 13. Qxa3 Nc4 14. Qc1 Be4 15. Nd2 Bxg2 16. Kxg2 Nxd2 17. Qxd2 O-O 18. Qd3 Re8 {½-½ (40) Orso,M (2380)-Kroll,O (2330) Aarhus 1992}) 13. Bxe7 Qxe7 14. Rfe1 (14. Nh4 $5 Bd7 15. e4 $11) 14... Be4 15. Qd1 O-O 16. Nd2 (16. e3 {seems wilder.} Rfe8 17. Nd2 Bxg2 18. Nxc4 Be4 19. Nd2) 16... Bxg2 17. Kxg2 Nd6 18. Qc2 Rfe8 19. e3 Qe6 20. a4 Re7 21. a5 Rae8 22. Ra4 h5 23. h4 Qg4 {[%emt 0:01:33] [#] Strongly threatening ...Nf5.} 24. f3 (24. Qd1 $11) 24... Qd7 25. e4 dxe4 ({Black should play} 25... f5 $17 {...f4 is the strong threat.} 26. e5 f4) 26. Nxe4 $15 f5 27. Nxd6 Rxe1 28. Nxe8 Qxe8 $11 {[%emt 0:00:09][%mdl 4096] Endgame KQR-KQR} 29. Ra2 Qe6 30. Rb2 Kh8 31. Qf2 b6 32. axb6 axb6 33. d5 ({Wrong is} 33. Rxb6 $2 Re2 34. Rb8+ Kh7 $19) 33... cxd5 34. Qxb6 Qe7 35. Qf2 Qe5 36. Qd2 Re3 37. Rc2 {[%emt 0:02:54] [#] Threatens to win with Kf2.} f4 38. gxf4 Qxf4 39. Qxd5 Qxh4 40. Rd2 Rxc3 41. Qd8+ (41. Rb2 $11 {remains equal.} Rc8 42. Qf5) 41... Qxd8 $17 42. Rxd8+ {[%emt 0:00:00] KR-KR} Kh7 43. Kg3 Kh6 44. Rd5 g6 45. Rb5 Rc8 46. Ra5 Rf8 47. Rb5 Rf6 48. Ra5 g5 49. Ra4 Kg6 (49... Rd6 $17 50. f4 Rd3+ 51. Kg2 Rd2+ 52. Kg3 Rd3+ 53. Kg2 g4 54. Ra6+ Kh7) 50. Rb4 (50. f4 $1 $11 {keeps the balance.}) 50... Re6 51. Rb5 Rf6 (51... Ra6 $17 52. Rb8 h4+ 53. Kh3 Rf6 54. Rg8+ Kh6) 52. Ra5 {[%emt 0:00:00] Weighted Error Value: White=0.15 (very precise) /Black=0.13 (very precise)} (52. Rb4 $11 {was the only way to keep the balance.}) 1/2-1/2

[Event "2nd Bieszczady Chess-ch A 2022"]
[Site "Bystre"]
[Date "2022.07.20"]
[Round "4.7"]
[White "Maksimenko, Andrei Jr"]
[Black "Kasperek, Ryszard"]
[Result "1-0"]
[ECO "C41"]
[WhiteElo "1897"]
[BlackElo "2058"]
[Annotator "TA"]
[PlyCount "49"]
[EventDate "2022.07.17"]
[EventCountry "POL"]
[SourceTitle "playchess.com"]
[Source "ChessBase"]
[SourceQuality "1"]
[TimeControl "5400+30"]

1. e4 d6 2. d4 Nf6 3. Nc3 e5 4. Nf3 Nbd7 5. Bc4 Be7 6. a4 O-O 7. O-O c6 8. h3 b6 {[%emt 0:05:19] 8...h6 is more advanced technology.} 9. Be3 Rb8 {[%emt 0:17:07] C41: Philidor Defence.} 10. Re1 a6 11. Ba2 b5 {[%emt 0:02:57] White is slightly better.} 12. axb5 axb5 13. b4 Qc7 14. Bb3 Nb6 15. Qd3 Be6 {[%emt 0:15:32] [#]} ({Better is} 15... Re8 $14) 16. Bxe6 $1 $16 fxe6 {[%emt 0:00:05] [#]} 17. Ng5 $1 {[%emt 0:03:58] [#]} exd4 $146 ({Predecessor:} 17... Qc8 18. Ra7 Re8 19. d5 Nbxd5 20. exd5 exd5 21. Bd2 h6 22. Nf3 e4 23. Qe3 Rb7 24. Rxb7 Qxb7 {½-½ (51) Velicka,P (2472)-Kasparov,S (2521) Krakow 2012}) 18. Nxe6 Qc8 19. Nxd4 ({And not} 19. Nxf8 dxe3 20. Qxe3 (20. e5 $2 exf2+ 21. Kxf2 dxe5 $19) 20... Qxf8 $17) 19... d5 20. Nf5 Bxb4 {[%emt 0:00:32] Strongly threatening ...dxe4.} 21. Bxb6 {[%emt 0:05:34] 0x0.001680d2a4eadp-1022s more active pieces.} dxe4 {[%emt 0:00:50] [#]} 22. Nxe4 Qxf5 23. Nxf6+ $1 Qxf6 24. Bd4 Qf4 (24... Qf7 $14) 25. Qb3+ {[%emt 0:00:21] Weighted Error Value: White=0.05 (flawless) /Black=0.57} 1-0

[Event "2nd Bieszczady Chess-ch A 2022"]
[Site "Bystre"]
[Date "2022.07.20"]
[Round "4.8"]
[White "Hnatyshyn, Anastasiya"]
[Black "Kopacz, Lukasz"]
[Result "*"]
[ECO "B76"]
[WhiteElo "1931"]
[BlackElo "1821"]
[Annotator "TA"]
[PlyCount "42"]
[EventDate "2022.07.17"]
[EventCountry "POL"]
[SourceTitle "playchess.com"]
[Source "ChessBase"]
[SourceQuality "1"]
[TimeControl "5400+30"]

1. e4 c5 2. Nf3 d6 3. d4 cxd4 4. Nxd4 Nf6 5. Nc3 g6 6. Be3 Bg7 7. f3 O-O 8. Qd2 Nc6 9. O-O-O d5 10. exd5 Nxd5 11. Nxc6 bxc6 12. Bd4 Nxc3 13. Qxc3 Bxd4 {[%emt 0:01:14] B76: Sicilian Dragon: Yugoslav Attack, 9 g4 and 9 0-0-0.} ({Better is} 13... Bh6+ $14 14. Be3 Bxe3+ 15. Qxe3 Qa5) 14. Rxd4 $16 Qb6 15. h4 {[%emt 0:00:48] [#]} {Predecessor:} Ba6 $146 16. Bxa6 Qxa6 17. a3 Qe2 18. g4 Rad8 19. Re4 Qg2 20. Rhe1 e6 21. h5 Qh2 {1-0 (79) Daroczi,D (2220)-Anishka,V (1805) Budapest 2021} *

[Event "2nd Bieszczady Chess-ch A 2022"]
[Site "Bystre"]
[Date "2022.07.20"]
[Round "4.8"]
[White "Hnatyshyn, Anastasiia"]
[Black "Kopacz, Lukasz"]
[Result "1-0"]
[ECO "B76"]
[WhiteElo "1931"]
[BlackElo "1821"]
[Annotator "TA"]
[PlyCount "75"]
[EventDate "2022.07.17"]
[EventCountry "POL"]
[SourceTitle "playchess.com"]
[Source "ChessBase"]
[SourceQuality "1"]
[TimeControl "5400+30"]

1. e4 c5 2. Nf3 d6 3. d4 cxd4 4. Nxd4 Nf6 5. Nc3 g6 6. Be3 Bg7 7. f3 O-O 8. Qd2 Nc6 9. O-O-O d5 10. exd5 Nxd5 11. Nxc6 bxc6 12. Bd4 Nxc3 13. Qxc3 Bxd4 {[%emt 0:01:14] B76: Sicilian Dragon: Yugoslav Attack, 9 g4 and 9 0-0-0.} (13... Bh6+ $14 14. Be3 Bxe3+ 15. Qxe3 Qa5) 14. Rxd4 $16 Qb6 15. h4 c5 {[%emt 0:26:18] [#] White is better.} 16. Rc4 $146 ({Predecessor:} 16. Re4 e6 17. h5 Bb7 18. Rg4 Rad8 19. hxg6 fxg6 20. Rxg6+ hxg6 21. Qh8+ Kf7 22. Rh7+ Ke8 23. Qe5 Rd7 24. Rh6 Qd6 25. Qxd6 Rxd6 {0-1 (25) Bieszk,S (913)-Lauer,F (1050) LSS email 2015}) 16... Be6 17. Re4 Qd6 (17... Rfd8 $142) 18. h5 Rad8 {[%emt 0:01:55][%csl Gd8][%cal Rd6d1] [#]} 19. Bd3 Bf5 20. hxg6 Bxg6 21. Rg4 $40 {[%emt 0:02:47][%cal Oh1h7][%mdl 128] aiming for Rxh7! Black is in trouble. White is much more active.} f5 $2 {[%emt 0:00:34][%mdl 8192] This move loses the game for Black.} (21... e5 $16 {is tougher.} 22. a3 Qe6) 22. Bc4+ $18 Rf7 23. Bxf7+ Kxf7 24. Rc4 Qg3 25. Re1 Qxg2 26. Qe3 {[%emt 0:00:24] Inhibits Qg5.} e5 27. b3 e4 28. fxe4 fxe4 29. Rxc5 Rd7 {[%emt 0:00:51] Against Rc7} 30. Qf4+ Kg7 31. Rc7 Rxc7 32. Qxc7+ {[%emt 0:00:02][%mdl 4096] Endgame KQR-KQB} Kf6 33. Qf4+ Kg7 34. Rf1 {[%emt 0:00:18][%csl Gf1][%cal Rf4f8] [#] Against Qf3} h5 35. Qf8+ (35. Qe5+ $142 Kg8 36. Rd1) 35... Kh7 36. Rd1 {[%emt 0:00:53] Threatening mate with Rd7+.} Qg4 {[%emt 0:01:03] Inhibits Rd7+.} (36... Qg5+ $142 37. Kb1 Qf5) 37. Rd8 Qg1+ 38. Kb2 {Weighted Error Value: White=0.27 (precise) /Black=0.91} 1-0

[Event "2nd Bieszczady Chess-ch A 2022"]
[Site "Bystre"]
[Date "2022.07.20"]
[Round "4.9"]
[White "Janzer, Hubert"]
[Black "Kucharski, Bartlomiej"]
[Result "1-0"]
[ECO "A45"]
[WhiteElo "1839"]
[BlackElo "2003"]
[Annotator "TA"]
[PlyCount "89"]
[EventDate "2022.07.17"]
[EventCountry "POL"]
[SourceTitle "playchess.com"]
[Source "ChessBase"]
[SourceQuality "1"]
[TimeControl "5400+30"]

1. d4 Nf6 2. Bf4 g6 3. Nc3 d5 4. e3 Bg7 5. h4 h5 6. Nf3 {A45: Trompowsky Attack.} a6 7. Be2 c5 (7... c6 $11) 8. Ne5 (8. dxc5 $14 Qa5 9. O-O) 8... Nc6 9. Bf3 (9. dxc5 $14 O-O 10. Nxc6 bxc6 11. Be5) 9... cxd4 $11 {[#]} 10. Nxc6 $146 ({Predecessor:} 10. exd4 Bf5 11. Qd2 Rc8 12. O-O O-O 13. Ne2 Bxc2 14. Bh6 Be4 15. Bxg7 Kxg7 16. Ng3 {0-1 (46) Jose Polanco,K (1828)-Matnadze,A (2421) Tornelo INT 2020}) 10... bxc6 11. Qxd4 O-O {[%cal Of6e4] Hoping for ...Ne4!} 12. Be5 Ne8 13. Bxg7 Nxg7 14. O-O-O Qd6 {Against Qc5} 15. Qa4 e5 16. Nxd5 cxd5 17. Bxd5 Qb8 $1 {aiming for ...Ra7.} ({Much less strong is} 17... Bd7 18. Qa5 (18. Qe4 Bf5 $14) 18... Qe7 19. Bxa8 Rxa8 20. Qc7 $16) 18. Bxa8 Qxa8 19. e4 Ne6 20. f3 $1 Nf4 {[#]} (20... Qa7 $14) 21. Rd2 ({White should play} 21. Qa5 $1 $16) 21... Qa7 $14 22. Qa5 Qe7 {White leaves nothing to chance now.} (22... Qe3 $14) 23. g3 $16 Nh3 {[#]} (23... Ne6 $16 {keeps fighting.}) 24. Rhd1 $1 $18 {Rd8 is the strong threat.} f6 $2 (24... Kh7 {is a better chance.} 25. b3 g5) 25. Rd8 {Strongly threatening Rxf8+.} Be6 26. Rxf8+ Kxf8 27. Qxa6 f5 28. a4 fxe4 29. fxe4 Nf2 30. Rf1 Qf7 31. Qd6+ Kg8 {[#]} 32. Rxf2 $1 Qxf2 (32... Qd7 33. Qxe5) 33. Qxe6+ {[%mdl 4096] Endgame KQ-KQ} Kh7 34. Qe7+ Kg8 35. Qd8+ Kh7 36. b3 Qe1+ 37. Kb2 {White wants to mate with a5.} Qxe4 38. a5 Qe2 39. Qd3 Qg2 40. a6 Qc6 41. a7 (41. Qc4 $142 Qd7 42. Qe4 Kh6 43. Qa8 Qd4+ 44. Ka2 Kg7 45. Qb7+ Kf6 46. a7) 41... Qb7 42. Qe3 {Qc5 would kill now.} Kg8 43. Qc5 {White mates.} Kh7 44. Qa5 Qa8 45. Qc7+ {Weighted Error Value: White=0.14 (very precise) /Black=0.71} 1-0

[Event "2nd Bieszczady Chess-ch A 2022"]
[Site "Bystre"]
[Date "2022.07.21"]
[Round "5.1"]
[White "Lewtak, Damian"]
[Black "Razin, Vadim"]
[Result "0-1"]
[ECO "A25"]
[WhiteElo "2397"]
[BlackElo "2428"]
[Annotator "TA"]
[PlyCount "84"]
[EventDate "2022.07.17"]
[EventCountry "POL"]
[SourceTitle "playchess.com"]
[Source "ChessBase"]
[SourceQuality "1"]
[TimeControl "5400+30"]

1. c4 e5 2. Nc3 Nc6 3. g3 Bc5 4. Bg2 d6 5. e3 a6 6. Nge2 {[%emt 0:01:47] A25: English Opening vs King's Indian with ...Nc6 but without early d3.} Ba7 7. d4 h5 8. b3 {[%emt 0:08:53] The position is equal.} h4 9. Bb2 {[%emt 0:00:06] [#]} exd4 $146 ({Predecessor:} 9... Nf6 10. Qd3 Nb4 11. Qb1 Nc6 12. Qd3 Nb4 13. Qb1 Nc6 14. dxe5 Nxe5 15. h3 Rb8 {½-½ (43) Ganguly,S (2658)-Erdos,V (2604) Douglas 2019}) 10. Nxd4 Ne5 11. f4 h3 12. Be4 Ng4 13. Qf3 N8f6 14. Bc2 Qe7 {[%emt 0:06:46] [#]} (14... Bxd4 $11 15. exd4 O-O) 15. O-O-O $1 $16 Bd7 (15... Nxe3 $2 16. Rhe1 Bg4 17. Qf2 $18 (17. Rxe3 Bxf3 18. Rxe7+ Kxe7 $18)) (15... Qxe3+ $2 16. Qxe3+ Nxe3 17. Rhe1 $18) (15... c6 $142) 16. e4 ({White should play} 16. Qxb7 $16 O-O 17. Rhe1) 16... O-O-O $1 $11 17. Rd2 Rde8 18. Kb1 Rhg8 19. b4 Kb8 20. Ba3 g5 21. b5 gxf4 22. gxf4 axb5 (22... Bc5 {looks sharper.} 23. Bxc5 dxc5 24. Nde2 axb5 25. cxb5 c6) 23. Ndxb5 (23. cxb5 $15 Qd8 24. Bb3) 23... Be3 ({Black should try} 23... Ne3 $17 24. Bd3 Bxb5 25. cxb5 Qd7) 24. Rxd6 Bxb5 $17 25. Nxb5 Nxe4 26. Bxe4 $2 {[%emt 0:11:53] This move loses the game for White.} Qxe4+ $19 27. Qxe4 Rxe4 28. Rd7 Bxf4 29. c5 (29. Rxf7 Be5 30. Rf3) 29... f5 30. Rhd1 {[%emt 0:01:04] [#] Rd8+ would kill now.} Ree8 {[%emt 0:00:25] Inhibits Rd8+.} 31. R1d3 (31. Bb2 $142 Nf2 32. Rf1) 31... Ne5 ({Stronger than} 31... Re1+ 32. Kc2 Ne3+ 33. Kb3 $17) 32. Nxc7 Rc8 33. Ne6 Nxd7 34. Nxf4 Nxc5 35. Rxh3 Na4 {[%emt 0:01:01] ( -> ...Rg1+)} 36. Ne2 {[%emt 0:00:02] Prevents Rg1+.} (36. Rg3) 36... Rg6 37. Re3 (37. Rh4 $142 Nc5 38. Kc2) 37... Rb6+ 38. Ka1 Rd8 {[%emt 0:00:45] Inhibits Nd4. And now ...Rd1+ would win.} 39. Bc1 Rd1 40. h4 f4 {[%emt 0:00:00] Black mates.} 41. Rh3 Re1 42. h5 Rxe2 {[%emt 0:00:00] Weighted Error Value: White=0.92/Black=0.30} 0-1

[Event "2nd Bieszczady Chess-ch A 2022"]
[Site "Bystre"]
[Date "2022.07.21"]
[Round "5.2"]
[White "Marszalek, Maciej"]
[Black "Tymrakiewicz, Rafal"]
[Result "1/2-1/2"]
[ECO "A53"]
[WhiteElo "2268"]
[BlackElo "2205"]
[Annotator "TA"]
[PlyCount "41"]
[EventDate "2022.07.17"]
[EventCountry "POL"]
[SourceTitle "playchess.com"]
[Source "ChessBase"]
[SourceQuality "1"]
[TimeControl "5400+30"]

1. d4 Nf6 2. c4 d6 3. Nf3 Nbd7 4. g3 e5 5. Bg2 Be7 6. O-O O-O 7. Nc3 Re8 8. e4 Bf8 9. Re1 c6 10. h3 {[%emt 0:01:48] A55: Old Indian Defence with Nf3 and e4.} a6 11. a4 a5 12. Be3 Qc7 13. Qc2 b6 14. Rad1 {[%emt 0:01:45] White is more active.} Ba6 15. b3 Rac8 {[%emt 0:01:16][%cal Ob6b5] [#]} 16. Qb1 $146 ({Predecessor:} 16. Rd2 b5 17. c5 dxc5 18. dxe5 Nxe5 19. Nxe5 Qxe5 20. f4 Qh5 21. e5 b4 22. Ne4 Nxe4 23. Bxe4 Qxh3 {0-1 (35) Plaza Reino,M (1727)-Kucharska,H (2073) Porto Carras 2018}) 16... g6 17. Bc1 Rcd8 18. Ba3 Bb7 19. Bb2 Bg7 20. Qc2 Ba8 21. Kh2 {[%emt 0:03:08] Weighted Error Value: White=0.15 (very precise) /Black=0.14 (very precise)} 1/2-1/2

[Event "2nd Bieszczady Chess-ch A 2022"]
[Site "Bystre"]
[Date "2022.07.21"]
[Round "5.3"]
[White "Wilk, Tomasz"]
[Black "Kyc, Jerzy"]
[Result "0-1"]
[ECO "B52"]
[WhiteElo "1900"]
[BlackElo "2203"]
[Annotator "TA"]
[PlyCount "70"]
[EventDate "2022.07.17"]
[EventCountry "POL"]
[SourceTitle "playchess.com"]
[Source "ChessBase"]
[SourceQuality "1"]
[TimeControl "5400+30"]

1. e4 c5 2. Nf3 d6 3. Bb5+ Bd7 4. Bxd7+ Qxd7 5. c4 Nc6 6. d4 cxd4 7. Nxd4 Nf6 8. Nc3 g6 9. f3 Bg7 10. Be3 O-O 11. Qd2 Rac8 {[%emt 0:01:35] B52: Sicilian: Moscow Variation with 3...Bd7.} 12. b3 e6 13. Rd1 {[%emt 0:04:18] [#]} Nxd4 $146 {[%emt 0:27:36] White is slightly better.} ({Predecessor:} 13... d5 14. Nxc6 bxc6 15. e5 Ne8 16. Bc5 Bxe5 17. Bxf8 Kxf8 18. Ne2 Qc7 19. cxd5 cxd5 {½-½ (39) Nielsen,H (2338)-Nahnsen,K (1960) Helsingor 2015}) 14. Bxd4 a6 15. a4 {[%emt 0:02:42] Prevents b5.} Qc7 16. O-O Rfd8 17. Qe3 {[%emt 0:05:10] Strongly threatening Bb6.} Nd7 {[%emt 0:04:14] [#] Inhibits Bb6. ...e5 is the strong threat.} 18. Bxg7 Kxg7 19. Qd4+ Nf6 ({Black should play} 19... Kf8 $11) 20. Rd2 Rd7 21. Rfd1 Qa5 22. Qe3 Rcd8 23. f4 (23. g3 $14) 23... Ng4 $11 24. Qd3 ({Of course not} 24. Qd4+ e5 25. Qd3 Qb6+ 26. Kh1 Nf2+ 27. Rxf2 Qxf2 $17) 24... e5 25. Nd5 {[%emt 0:04:43] [#] Prevents Qb6+. Black must now prevent Qf3.} Qc5+ 26. Kh1 (26. Kf1 $1 $11 Nxh2+ 27. Ke2) 26... Nf2+ $15 27. Rxf2 $1 Qxf2 28. f5 gxf5 29. exf5 f6 30. Rf1 Qh4 31. Nb6 (31. h3 $15) 31... Rf7 $17 32. h3 (32. Nd5 $17) 32... Kh8 $19 33. Rd1 $2 (33. Kh2) 33... Rg7 34. c5 $2 (34. Qc2) 34... Rdg8 35. cxd6 Rxg2 {[%emt 0:00:35] Weighted Error Value: White=0.81/Black=0.21 (precise)} 0-1

[Event "2nd Bieszczady Chess-ch A 2022"]
[Site "Bystre"]
[Date "2022.07.21"]
[Round "5.4"]
[White "Karvatskyi, Oleksii"]
[Black "Babiarz, Arkadiusz"]
[Result "1-0"]
[ECO "B20"]
[WhiteElo "1804"]
[BlackElo "2027"]
[Annotator "TA"]
[PlyCount "55"]
[EventDate "2022.07.17"]
[EventCountry "POL"]
[SourceTitle "playchess.com"]
[Source "ChessBase"]
[SourceQuality "1"]
[TimeControl "5400+30"]

1. e4 {[%emt 0:00:02] ChessBase II} c5 2. b3 g6 3. Bb2 Nf6 4. h4 Bg7 5. e5 Nd5 6. Bc4 {[%emt 0:06:51] [#] B20: Sicilian: Unusual White 2nd moves.} Nb6 $146 ({Predecessor:} 6... Nc7 7. h5 Nc6 8. f4 O-O 9. hxg6 hxg6 10. Qg4 Ne6 11. Bxe6 dxe6 12. Nc3 Nd4 {1-0 (31) Das,A (2404)-Barbot,P (1917) Sautron 2008 EXT 2009 [ChessBase II]}) 7. h5 (7. Qc1 $11) 7... Nxc4 $17 8. bxc4 {[%emt 0:00:12] Black is better.} Nc6 9. f4 d6 (9... O-O $1 $17 {White must now prevent ...d6.} 10. d3 d6) 10. h6 $11 Bf8 11. exd6 Rg8 12. dxe7 Bxe7 13. Nc3 Be6 14. Nf3 {[%emt 0:07:32] Inhibits Qd4.} Qc7 (14... Qb6 $11 {remains equal.} 15. Rb1 Bxc4) 15. Nd5 $16 Bxd5 (15... Qd8 $142) 16. cxd5 Nb4 17. Be5 Qd7 18. c4 f6 {[%emt 0:01:25] [#]} 19. Bc3 $2 (19. O-O $1 $18) 19... Nd3+ $15 20. Kf1 {[%emt 0:00:03] Threatens to win with Qe2.} Nxf4 21. d4 Kf7 $2 ({But not} 21... Qg4 22. Qc2 $16) (21... O-O-O $1 $15 {keeps the upper hand.}) 22. Qd2 (22. g3 $16 Nh5 23. Kg2) 22... Nh5 (22... Qa4 $2 23. Qxf4 Qxc4+ 24. Kg1 Qxd5 25. Rh3 $18) (22... Qf5 $1 $11) 23. Qf2 $36 {[%emt 0:01:12][%mdl 2048] White has strong initiative.} Qf5 {[%emt 0:01:38] Against Ne5+} 24. Rd1 {[%emt 0:04:48] g4 is the strong threat.} Bd6 {[%emt 0:05:26] [#] aiming for ...Ng3+.} 25. dxc5 (25. Rxh5 $1 $16 Qxh5 26. dxc5) 25... Ng3+ $11 26. Kg1 Ne4 27. Qb2 Nxc3 $4 {[%emt 0:07:48][%mdl 8192] [#]} (27... Bxc5+ $11 28. Bd4 b6) 28. cxd6 $1 {[%emt 0:00:33] Weighted Error Value: White=0.38/Black=0.50} 1-0

[Event "2nd Bieszczady Chess-ch A 2022"]
[Site "Bystre"]
[Date "2022.07.21"]
[Round "5.5"]
[White "Hnatyshyn, Anastasiia"]
[Black "Dzwierzynski, Bartosz"]
[Result "0-1"]
[ECO "B76"]
[WhiteElo "1931"]
[BlackElo "2129"]
[Annotator "NA RC"]
[PlyCount "148"]
[EventDate "2022.07.17"]
[EventCountry "POL"]
[SourceTitle "playchess.com"]
[Source "ChessBase"]
[SourceQuality "1"]
[TimeControl "5400+30"]

1. e4 c5 2. Nf3 d6 3. d4 cxd4 4. Nxd4 Nf6 5. Nc3 g6 6. Be3 Bg7 7. f3 Nc6 8. Qd2 O-O 9. O-O-O d5 10. exd5 Nxd5 11. Nxc6 bxc6 12. Bd4 Nxc3 13. Qxc3 Bh6+ 14. Be3 Bxe3+ 15. Qxe3 Qb6 16. Qxe7 Be6 17. Qa3 Rad8 18. Bd3 Rd5 19. b3 Rfd8 20. Qe7 Qd4 21. Kb1 Qc3 22. Rc1 a5 23. Qa3 a4 24. Qb2 Qa5 25. b4 Qb6 26. a3 c5 27. Ka1 Rd4 28. b5 c4 29. Be4 c3 30. Qxc3 Qxb5 31. Rb1 Qe2 32. g4 Rc4 33. Qf6 Qd2 34. Rhd1 Qxd1 35. Rxd1 Rxd1+ 36. Kb2 Rd6 37. Qe7 Rb6+ 38. Kc1 Rc8 39. h4 h6 40. h5 gxh5 41. g5 hxg5 42. Qxg5+ Kf8 43. f4 Bg4 44. f5 Rd6 45. Qf4 Ke7 46. Qe5+ Kd7 47. Qb5+ Kd8 48. Qa5+ Ke7 49. Qxa4 Kf6 $14 50. Qb5 h4 51. Qb2+ Kg5 52. Qb7 Rd1+ 53. Kb2 Rcd8 54. Qe7+ f6 55. Bd3 R8xd3 56. cxd3 h3 57. Qe3+ Kxf5 58. a4 Rf1 59. Qg3 Rf3 60. Qh2 Rxd3 61. Qc2 Ke4 62. Qc6+ Ke3 63. Qxf6 Rd2+ 64. Kc1 Rf2 65. Qc3+ Kf4 66. Qc7+ Kf3 67. Qb7+ Kg3 68. Qc7+ Kg2 69. Qc6+ Bf3 70. Qg6+ Kf1 71. Qd3+ Kg1 72. Qg6+ Bg2 73. a5 h2 74. a6 h1=Q 0-1

[Event "2nd Bieszczady Chess-ch A 2022"]
[Site "Bystre"]
[Date "2022.07.21"]
[Round "5.6"]
[White "Palacki, Rafal"]
[Black "Maksimenko, Andrei Jr"]
[Result "0-1"]
[ECO "B41"]
[WhiteElo "1832"]
[BlackElo "1897"]
[Annotator "NA RC COMBH"]
[PlyCount "156"]
[EventDate "2022.07.17"]
[EventCountry "POL"]
[SourceTitle "playchess.com"]
[Source "ChessBase"]
[SourceQuality "1"]
[TimeControl "5400+30"]

1. e4 c5 2. Nf3 e6 3. d4 cxd4 4. Nxd4 a6 5. Nd2 Qc7 6. Bd3 Nf6 7. O-O d5 8. Re1 Bd6 9. exd5 Nxd5 10. g3 O-O 11. Ne4 Be7 12. Qh5 f5 13. Ng5 Bxg5 14. Bxg5 e5 15. Nb3 Be6 16. c3 Nd7 17. Rad1 N5f6 18. Qe2 Rae8 19. Qc2 Nd5 20. Be2 h6 21. Bc1 f4 22. Bh5 Rc8 23. Nd4 Bh3 24. Qb3 N7f6 25. Bf3 Rcd8 26. Ne2 Be6 27. c4 Nb6 28. Rxd8 Rxd8 29. gxf4 e4 30. Be3 Nxc4 31. Bg2 Qf7 32. Nd4 Bd5 33. Qc3 Ng4 34. h3 Ngxe3 35. fxe3 Nd6 36. b3 Nf5 37. Nxf5 Qxf5 38. Rd1 Rf8 39. Rd2 Bc6 40. Bf1 Rf6 41. Kh2 Bb5 42. Bc4+ Kh7 {[%emt 0:00:00] [#]} 43. Rd5 $1 Qc8 44. Qd4 Be8 45. Qxe4+ Bg6 46. Qd4 Bf5 47. Rc5 $2 (47. e4 Bxh3 48. f5 Bxf5 49. exf5) 47... Qf8 48. Rc7 b5 49. Bd3 Bg6 50. Bxg6+ Rxg6 51. Qd3 Qf6 $16 {[%emt 0:00:11] [#]} (51... Qa8 $1 $11 52. Qe2 Qe4) 52. Rc2 $1 Kg8 53. a4 bxa4 54. bxa4 Qb6 55. Qd5+ Kh7 56. Qe4 Qb1 57. Qxg6+ Kxg6 58. Rc6+ Kf5 59. Rxa6 Ke4 60. Rg6 Kxe3 61. Rxg7 Kxf4 62. Rg4+ Kf5 63. Kg3 Qe1+ 64. Kf3 Qc3+ 65. Kg2 h5 66. Rg8 Qd2+ 67. Kg1 Qd4+ 68. Kh2 Qf4+ 69. Kg1 Qxa4 70. Rf8+ Ke4 71. Kg2 h4 72. Rf1 Qc2+ 73. Rf2 Qd3 74. Kh2 Qg3+ 75. Kh1 Qxh3+ 76. Kg1 Qe3 77. Kh1 Qe1+ 78. Kg2 h3+ 0-1